 Dungeon Crawl Stone Soup version 0.30-a0-313-gae38170b09 (webtiles) character file.

Game seed: 1769734065196478201

15952 ragingrage the Polluter (level 12, -2/115 HPs)
             Began as a Naga Venom Mage on Oct 26, 2022.
             Was a Priest of Cheibriados.
             Slain by a skeletal warrior
             ... wielding a +0 glaive
              (31 damage)
             ... on level 12 of the Dungeon.
             The game lasted 00:24:23 (15209 turns).

ragingrage the Polluter (Naga Venom Mage)          Turns: 15209, Time: 00:24:23

Health: -2/115     AC: 11    Str: 18    XL:     12   Next: 32%
Magic:  22/22      EV: 10    Int: 25    God:    Cheibriados [***...]
Gold:   664        SH:  0    Dex: 23    Spells: 3/25 levels left

rFire   . . .      SeeInvis +    h - +11 hand axe "Bodad" {flame, *Corrode rPois Dex+5}
rCold   + . .      Faith    +    (no shield)
rNeg    . . .      Spirit   .    C - +2 robe {rC+}
rPois   +          Reflect  .    A - +2 helmet
rElec   .          Harm     .    B - +0 cloak
rCorr   +          Rampage  .    (no gloves)
Will    +....                    (no barding)
Stlth   +++++.....               y - amulet of faith
HPRegen 0.39/turn                q - ring of resist corrosion
MPRegen 0.18/turn                (no ring)

@: very slow
A: AC +4, large, see invisible, deformed body, poison resistance, slowness 2,
spit poison 1, naga tail 1
a: Spit Poison, Renounce Religion, Bend Time, Temporal Distortion


You were on level 12 of the Dungeon.
You worshipped Cheibriados.
Cheibriados was most pleased with you.
You visited 2 branches of the dungeon, and saw 13 of its levels.
You also visited: Sewer and Ossuary.

You collected 664 gold pieces.

Inventory:

Hand Weapons
 h - the +11 hand axe "Bodad" (weapon) {flame, *Corrode rPois Dex+5}
   (You found it on level 2 of the Dungeon)

   It burns those it strikes, dealing additional fire damage.
   Big, fiery blades are also staple armaments of hydra-hunters.
   Dex:       It affects your dexterity (+5).
   rPois:     It protects you from poison.
   *Corrode:  It may corrode you when you take damage.
 F - the +7 short sword of Ymuas Fadgho {vorpal, rPois Str+4 Stlth+}
   (You found it on level 5 of the Dungeon)

   It inflicts extra damage upon your enemies.
   Str:       It affects your strength (+4).
   rPois:     It protects you from poison.
   Stlth:     It makes you more stealthy.
Missiles
 r - 37 poisoned darts
 H - 5 throwing nets
Armour
 o - +0 fire dragon scales
 A - a +2 helmet (worn)
 B - a +0 cloak (worn)
 C - a +2 robe of cold resistance (worn)
 J - a +2 robe of willpower
Jewellery
 q - a ring of resist corrosion (left hand)
 v - a ring of ice
 y - an amulet of faith (around neck)
Wands
 a - a wand of digging (8)
 D - a wand of flame (49)
 G - a wand of iceblast (9)
 I - a wand of polymorph (1)
 O - a wand of paralysis (4)
Scrolls
 c - 2 scrolls of magic mapping
 e - a scroll of noise {unknown}
 g - 3 scrolls of enchant armour
 i - a scroll of blinking
 k - a scroll of enchant weapon
 m - a scroll of identify
 n - 4 scrolls of teleportation
 p - a scroll of fear {unknown}
 E - a scroll of torment {unknown}
 K - a scroll of fog {unknown}
 L - 2 scrolls of vulnerability {unknown}
 M - a scroll of poison
 P - a scroll of summoning
Potions
 b - 3 potions of magic
 d - 13 potions of curing
 f - a potion of ambrosia {unknown}
 j - 2 potions of attraction
 l - 3 potions of berserk rage
 s - 4 potions of heal wounds
 t - 4 potions of flight
 u - a potion of lignification {unknown}
 w - a potion of invisibility {unknown}
 x - 4 potions of mutation
 z - a potion of cancellation {unknown}
Miscellaneous
 N - a phantom mirror (inert)


   Skills:
 + Level 9.5 Fighting
 - Level 1.5 Dodging
 + Level 10.0 Stealth
 - Level 7.0 Spellcasting
 + Level 2.2 Conjurations
 + Level 8.7 Transmutations
 - Level 1.0 Air Magic
 - Level 15.0 Poison Magic
 + Level 2.4 Invocations


You had 3 spell levels left.
You knew the following spells:

 Your Spells              Type           Power      Damage    Failure   Level
b - Poisonous Vapours     Pois/Air       96%        N/A       1%          2
c - Mephitic Cloud        Conj/Pois/Air  39%        N/A       1%          3
d - Olgreb's Toxic Radia  Pois           70%        N/A       1%          4
e - Eringya's Noxious Bo  Tmut/Pois      30%        N/A       8%          6
f - Wereblood             Tmut           51%        N/A       1%          2
g - Irradiate             Conj/Tmut      18%        3d17      21%         5

Your spell library contained the following spells:

 Spells                   Type           Power      Damage    Failure   Level
 Beastly Appendage        Tmut           100%       N/A       1%          1
 Sting                    Tmut/Pois      100%       1d8       1%          1
 Passwall                 Tmut/Erth      25%        N/A       1%          2
 Spider Form              Tmut/Pois      61%        N/A       1%          3
 Magic Dart               Conj           76%        1d6       2%          1
 Searing Ray              Conj           38%        2d5       4%          2
 Apportation              Tloc           16%        N/A       7%          1
 Necrotise                Necr           32%        1d5       7%          1
 Summon Small Mammal      Summ           32%        N/A       7%          1
 Ensorcelled Hibernation  Hex/Ice        16%        N/A       10%         2
 Sublimation of Blood     Necr           8%         N/A       10%         2
 Dazzling Flash           Conj/Hex       28%        N/A       13%         3
 Hailstorm                Conj/Ice       14%        3d5       13%         3
 Swiftness                Air            13%        N/A       13%         3
 Inner Flame              Hex/Fire       8%         N/A       21%         3
 Ozocubu's Armour         Ice            8%         N/A       21%         3
 Portal Projectile        Hex/Tloc       16%        N/A       21%         3
 Tukima's Dance           Hex            8%         N/A       21%         3
 Blade Hands              Tmut           25%        N/A       5%          5
 Ice Form                 Ice/Tmut       30%        N/A       11%         4
 Petrify                  Tmut/Erth      30%        N/A       11%         4
 Fulminant Prism          Conj/Hex       7%         3d7       38%         4
 Anguish                  Hex/Necr       4%         N/A       54%         4
 Cause Fear               Hex            4%         N/A       54%         4
 Manifold Assault         Tloc           8%         N/A       54%         4
 Silence                  Hex/Air        5%         N/A       83%         5
 Agony                    Necr           8%         N/A       88%         5
 Metabolic Englaciation   Hex/Ice        4%         N/A       88%         5
 Summon Forest            Summ/Tloc      4%         N/A       88%         5
 Dispersal                Tloc           4%         N/A       100%        6
 Simulacrum               Ice/Necr       4%         N/A       100%        6
 Ozocubu's Refrigeration  Ice            4%         4d8       100%        7
 Summon Hydra             Summ           4%         N/A       100%        7
 Discord                  Hex            4%         N/A       100%        8
 Disjunction              Tloc           4%         N/A       100%        8


Dungeon Overview and Level Annotations

Branches:
Dungeon (12/15)            Temple (1/1) D:5            Lair (0/5) D:10
    Orc (0/2) D:11          Sewer (visited)         Ossuary (visited)

Altars:
Ashenzari
Cheibriados
Dithmenos
Elyvilon
Fedhas
Gozag
Hepliaklqana
Kikubaaqudgha
Makhleb
Nemelex Xobeh
Okawaru
Qazlal
Ru
Sif Muna
Trog
Uskayaw
Vehumet
Wu Jian
Xom
Yredelemnul
Zin
The Shining One
Ignis

Annotations:
D:3 exclusion: downstairs
D:6 1 transporter, KennySheep's ghost, novice DgCj
D:10 exclusion: gargoyle


Innate Abilities, Weirdness & Mutations

Your serpentine skin is tough. (AC +4)
You have supernaturally acute eyesight. (SInv)
Armour fits poorly on your strangely shaped body.
Your system is resistant to poisons. (rPois)
You cover ground very slowly.
You can spit poison.
You have a snake-like lower body.


Message History

a +0 whip; a +0 chain mail
There is an open door here.
There is a stone staircase leading down here.
You climb downwards.
There is a stone staircase leading up here.
A gnoll comes into view. It is wielding a +0 whip of venom.
Found 20 gold pieces.
A gnoll is nearby!
A gnoll is nearby!
Poisonous vapours surround the gnoll!
The gnoll is poisoned.
The gnoll shouts!
You hear a shout!
Poisonous vapours surround the gnoll!
The gnoll looks as sick as possible!
The gnoll throws a throwing net.
The throwing net hits you.
You become entangled in the net!
You tear a large gash into the net.
A gnoll comes into view. It is wielding a +0 halberd.
You struggle against the net.
You shred the net and break free!
You kill the gnoll!
Cheibriados appreciates the change of pace.
You start resting.
Magic restored.
Things that are here:
a +0 whip of venom; a gnoll corpse You can't see any susceptible monsters within range! (Use Z to cast anyway.)
A skeletal warrior comes into view. It is wielding a +0 glaive.
You see here 20 gold pieces.
A skeletal warrior is nearby!
Things that are here:
a +0 whip of venom; a gnoll corpse The skeletal warrior hits you from afar with a +0 glaive!!
The skeletal warrior hits you from afar with a +0 glaive.
The skeletal warrior hits you from afar with a +0 glaive!!
The skeletal warrior hits you from afar with a +0 glaive!
The skeletal warrior hits you from afar with a +0 glaive!!
The skeletal warrior hits you from afar with a +0 glaive!!
* * * LOW HITPOINT WARNING * * *
There is a stone staircase leading up, spattered with blood here.
The skeletal warrior hits you from afar with a +0 glaive!!
You die...

#.# ##.# ... #.# #
##.## ##.#.$.#####
#....#.....######.#.#
.##.#..)###.##........
...........z.@.###.#.#.
######.........####...#
######.##.......#
#.########## #.# #.#
#.# #.# #.#


You could see a skeletal warrior.

Vanquished Creatures
  Harold (D:11)
  3 two-headed ogres
  2 boulder beetles
  A tengu warrior (D:9)
  An ugly thing (D:11)
  A cyclops (D:9)
  2 unseen horrors (D:10)
  A kobold demonologist (D:10)
  A troll (D:10)
  A shadow (D:11)
  5 wyverns
  3 wraiths
  7 yaks
  A basilisk (D:10)
  Grum (D:9)
  4 vampire mosquitoes (D:11)
  A steam dragon (D:9)
  An acid dragon (D:9)
  A warg (D:11)
  Edmund (D:4)
  6 water moccasins
  5 black bears
  An ice beast (D:6)
  6 orc warriors
  4 centaurs
  5 wolves
  An ogre (D:7)
  3 elf zombies (Ossuary)
  5 kobold brigands
  A bullfrog (D:9)
  2 gnoll sergeants
  Blork the orc (D:4)
  A necrophage (D:6)
  4 scorpions
  16 wights
  15 killer bees
  2 howler monkeys (D:9)
  A centaur zombie (Ossuary)
  A human zombie (Ossuary)
  2 hounds
  3 orc priests
  A gnoll bouda (D:8)
  2 jellies
  5 iguanas
  Natasha (thrice) (D:2)
  16 orc wizards
  2 mummies (Ossuary)
  8 adders
  15 gnolls
  2 river rats (Sewer)
  A shadow imp (D:7)
  An adder zombie (Ossuary)
  2 worms
  3 dart slugs
  28 orcs
  11 endoplasms
  8 giant cockroaches
  3 hobgoblins
  3 jackals (Sewer)
  3 quokkas
  5 ball pythons
  A bat (D:2)
  4 frilled lizards
  10 goblins
  2 goblin zombies (Ossuary)
  7 hobgoblin zombies (Ossuary)
  A jackal zombie (Ossuary)
  26 kobolds
  13 kobold zombies (Ossuary)
  7 orc zombies (Ossuary)
  13 rats
330 creatures vanquished.

Vanquished Creatures (others)
  4 fungi (D:10)
  24 plants
28 creatures vanquished.

Grand Total: 358 creatures vanquished

Notes
Turn   | Place    | Note
-------+----------+-------------------------------------------
     0 | D:1      | ragingrage the Naga Venom Mage began the quest for the Orb.
     0 | D:1      | Reached XP level 1. HP: 15/15 MP: 3/3
   292 | D:1      | Reached XP level 2. HP: 22/22 MP: 1/5
   557 | D:1      | Reached skill level 5 in Poison Magic
   591 | D:1      | Learned a level 2 spell: Poisonous Vapours
  1421 | D:2      | Noticed Natasha
  1430 | D:2      | Killed Natasha
  1431 | D:2      | Reached skill level 6 in Poison Magic
  1431 | D:2      | Reached XP level 3. HP: 8/28 MP: 0/6
  1632 | D:2      | Identified the +11 hand axe "Bodad" {flame, *Corrode rPois
                  | Dex+5}
  1773 | D:2      | Reached XP level 4. HP: 34/36 MP: 4/7
  1843 | D:2      | Learned a level 3 spell: Mephitic Cloud
  1864 | D:2      | Noticed Natasha
  1874 | D:2      | Killed Natasha
  2021 | D:2      | Reached skill level 7 in Poison Magic
  2196 | D:2      | Noticed Natasha
  2202 | D:2      | Killed Natasha
  2203 | D:2      | Reached XP level 5. HP: 37/42 MP: 0/8
  2464 | D:3      | Found a glowing drain.
  2491 | Sewer    | Entered a sewer
  2592 | Sewer    | Noticed a kobold brigand
  2700 | Sewer    | Noticed a kobold brigand
  2725 | Sewer    | Killed a kobold brigand
  2726 | Sewer    | Reached skill level 1 in Conjurations
  2726 | Sewer    | Reached skill level 1 in Air Magic
  2726 | Sewer    | Reached skill level 8 in Poison Magic
  2726 | Sewer    | Reached XP level 6. HP: 46/49 MP: 2/9
  2883 | Sewer    | Found a white marble altar of Elyvilon.
  3131 | D:3      | Found a bloodstained altar of Trog.
  3418 | D:3      | Found a faded altar of an unknown god.
  3588 | D:4      | Reached skill level 9 in Poison Magic
  3623 | D:4      | Noticed Edmund
  3681 | D:4      | Noticed a black bear
  3732 | D:4      | Found a sand-covered staircase.
  3741 | D:4      | Killed a black bear
  3754 | Ossuary  | Entered an ossuary
  3866 | Ossuary  | Reached XP level 7. HP: 55/55 MP: 10/10
  3919 | Ossuary  | Reached skill level 10 in Poison Magic
  3940 | Ossuary  | Reached skill level 11 in Poison Magic
  4155 | D:4      | Killed Edmund
  4156 | D:4      | Reached XP level 8. HP: 13/62 MP: 0/11
  4352 | D:4      | Reached skill level 12 in Poison Magic
  4545 | D:4      | Noticed Blork the orc
  4569 | D:4      | Killed Blork the orc
  4756 | D:4      | Reached skill level 1 in Fighting
  4891 | D:4      | Found a stormy altar of Qazlal.
  5189 | D:5      | Entered Level 5 of the Dungeon
  5292 | D:5      | Learned a level 4 spell: Olgreb's Toxic Radiance
  5494 | D:5      | Reached skill level 5 in Stealth
  5768 | D:5      | Found a staircase to the Ecumenical Temple.
  5849 | Temple   | Entered the Ecumenical Temple
  5977 | D:5      | Identified the +7 short sword of Ymuas Fadgho {vorpal,
                  | rPois Str+4 Stlth+}
  6357 | D:6      | Noticed KennySheep's ghost (novice DgCj)
  6358 | D:6      | Found a transporter.
  6362 | D:6      | Identified the +8 great mace of Aky Nuj {vamp, Fly Dex+6
                  | SInv Stlth-}
  6362 | D:6      | Noticed a two-headed ogre
  6522 | D:6      | Reached XP level 9. HP: 78/78 MP: 9/15
  6877 | D:6      | Learned a level 6 spell: Eringya's Noxious Bog
  7677 | D:7      | Found an iron altar of Okawaru.
  7677 | D:7      | Found a blossoming altar of Fedhas.
  7678 | D:7      | Found a glowing golden altar of the Shining One.
  7936 | D:7      | You fall into a shaft and drop 1 floor!
  7946 | D:8      | Found a hazy altar of Hepliaklqana.
  8169 | D:8      | Reached skill level 5 in Spellcasting
  8438 | D:8      | Reached skill level 5 in Fighting
  8713 | D:8      | Reached XP level 10. HP: 58/88 MP: 4/18
  8714 | D:8      | Reached skill level 13 in Poison Magic
  8833 | D:8      | Found a burning altar of Makhleb.
  9007 | D:8      | Found a sacrificial altar of Ru.
  9639 | D:7      | Noticed a boulder beetle
  9652 | D:7      | Killed a boulder beetle
  9653 | D:7      | Reached skill level 5 in Transmutations
 10008 | D:7      | Learned a level 2 spell: Wereblood
 11194 | D:9      | Reached skill level 14 in Poison Magic
 11253 | D:9      | Reached XP level 11. HP: 87/100 MP: 14/21
 11295 | D:9      | Noticed a boulder beetle
 11305 | D:9      | Killed a boulder beetle
 11358 | D:9      | Noticed a tengu warrior
 11375 | D:9      | Killed a tengu warrior
 11473 | D:9      | Noticed a cyclops
 11490 | D:9      | Killed a cyclops
 11551 | D:9      | Noticed Grum
 11570 | D:9      | Killed Grum
 11710 | D:9      | Found a large runed translucent door.
 11715 | D:9      | Found a large runed translucent door.
 11724 | D:9      | Found a snail-covered altar of Cheibriados.
 11731 | D:9      | Became a worshipper of Cheibriados the Contemplative
 11736 | D:9      | Found a white marble altar of Elyvilon.
 12171 | D:9      | Noticed a two-headed ogre
 12184 | D:9      | Killed a two-headed ogre
 12321 | D:10     | Entered Level 10 of the Dungeon
 12455 | D:10     | Noticed a two-headed ogre
 12624 | D:10     | Reached * piety under Cheibriados
 12625 | D:10     | Reached skill level 15 in Poison Magic
 12813 | D:10     | Killed a two-headed ogre
 12883 | D:10     | Found a staircase to the Lair.
 13382 | D:10     | Noticed a two-headed ogre
 13391 | D:10     | Killed a two-headed ogre
 13392 | D:10     | Reached XP level 12. HP: 110/114 MP: 12/22
 13881 | D:11     | Reached ** piety under Cheibriados
 14003 | D:11     | Learned a level 5 spell: Irradiate
 14061 | D:11     | Reached skill level 1 in Invocations
 14141 | D:11     | Noticed Harold
 14155 | D:11     | Killed Harold
 14425 | D:11     | Got the Codex of Cursed Graupel
 14435 | D:11     | Reached *** piety under Cheibriados
 14860 | D:11     | Found a staircase to the Orcish Mines.
 15101 | D:11     | Reached skill level 10 in Stealth
 15209 | D:12     | Slain by a skeletal warrior

Illustrated notes

Levels and vault maps discovered:
D:1:      nicolae_arrival_washed_ashore, layout_loops_ring
D:2:      layout_basic, kennysheep_crisscross, uniq_natasha
D:3:      layout_rooms, mainiacjoe_overflow_brackets,
          hellmonk_ecumenical_altar_inner_sanctum, portal_sewer_entry_f,
          minmay_stone_trees_medium, minivault_24
D:4:      layout_loops_ring, kennysheep_mini, enter_ossuary_1,
          nicolae_elevator_lobby_asterisk, uniq_blork_the_orc, uniq_edmund
D:5:      layout_loops_cross, minmay_temple_entry_overgrown
D:6:      layout_basic, gammafunk_ghost_smash
D:7:      layout_loops_ring, grunt_temple_overflow_open
D:8:      layout_gridville, nicolae_ru_sacrificial_ziggurat,
          mainiacjoe_overflow_boulevard, lemuel_round_altar
D:9:      minmay_chambers_of_sevens, layout_rooms, jmf_multi_god_temple2,
          uniq_grum
D:10:     layout_roguey, minmay_lair_entry_grove
D:11:     layout_stronghold, erik_orc_3, uniq_harold
D:12:     layout_loops_ring, uniq_josephine, uniq_rupert
Temple:   pdpol_scorched_temple

Skill      XL: |  1  2  3  4  5  6  7  8  9 10 11 12 |
---------------+-------------------------------------+-----
Poison Magic   | 6 7 8 9 11 12 14 15 | 15.0
Conjurations   | 1 2 |  2.2
Air Magic      | 1 |  1.0
Fighting       | 3 5 7 9 |  9.5
Stealth        | 6 7 9 10 | 10.0
Spellcasting   | 4 5 6 7 |  7.0
Transmutations | 3 5 8 |  8.7
Invocations    | 2 |  2.4
Dodging        | |  1.5

Action                   |  1- 3 |  4- 6 |  7- 9 | 10-12 || total
-------------------------+-------+-------+-------+-------++-------
Melee: Unarmed           |    32 |       |       |       ||    32
       Hand axe          |     7 |    72 |   149 |   245 ||   473
       Punch             |       |     1 |     1 |     3 ||     5
Throw: Dart              |       |       |     1 |       ||     1
 Cast: Sting             |    36 |    28 |       |       ||    64
       Poisonous Vapours |     5 |    28 |    89 |   111 ||   233
       Olgreb's Toxic Ra |       |       |     6 |    22 ||    28
       Mephitic Cloud    |       |       |     4 |    27 ||    31
       Eringya's Noxious |       |       |     1 |     7 ||     8
       Wereblood         |       |       |       |     2 ||     2
 Abil: Spit Poison       |     5 |     1 |     6 |     1 ||    13
Evoke: Wand              |       |       |     3 |     1 ||     4
       Phantom mirror    |       |       |       |     1 ||     1
  Use: Scroll            |       |     1 |     5 |     6 ||    12
       Potion            |       |       |     3 |       ||     3
 Stab: Sleeping          |     1 |     3 |     5 |     2 ||    11
       Confused          |       |       |       |     7 ||     7
       Distracted        |       |       |       |     1 ||     1
Armor: Robe              |     3 |    15 |    62 |   103 ||   183
Dodge: Dodged            |    19 |    32 |   117 |   160 ||   328

Table legend: (Time is in decaauts)
 A = Elapsed time spent in this place.
 B = Non-inter-level travel time spent in this place.
 C = Inter-level travel time spent in this place.
 D = Time resting spent in this place.
 E = Time spent auto-exploring this place.
 F = Levels seen in this place.
 G = Mean time per level.
                   A        B        C        D        E       F      G
               +--------+--------+--------+--------+--------+-----+--------+
         Total |  19514 |  18734 |    780 |   3789 |  11759 |  15 | 1300.9 |
       Dungeon |  18393 |  17633 |    760 |   3554 |  11249 |  12 | 1532.8 |
        Temple |     75 |     55 |     20 |      0 |     47 |   1 |   75.0 |
         Sewer |    584 |    584 |      0 |    186 |    231 |   1 |  584.0 |
       Ossuary |    460 |    460 |      0 |     49 |    231 |   1 |  460.0 |
               +--------+--------+--------+--------+--------+-----+--------+

Top non-repeatable levels by time:
    D:11: 2511 daAuts
     D:8: 2178 daAuts
    D:10: 1861 daAuts
     D:9: 1757 daAuts
     D:7: 1721 daAuts
     D:6: 1701 daAuts
     D:1: 1694 daAuts
     D:4: 1565 daAuts
     D:2: 1308 daAuts
     D:5: 1073 daAuts
     D:3: 936 daAuts
   Sewer: 584 daAuts
 Ossuary: 460 daAuts
    D:12: 84 daAuts
  Temple: 75 daAuts
